 Dungeon Crawl Stone Soup version 0.30-a0-862-g1aabd4f9c5 (webtiles) character file.

Game seed: 14722248044037209065

25 qeuew the Caller (level 2, 0/15 HPs)
             Began as a Deep Elf Summoner on Mar 9, 2023.
             Succumbed to an adder's poison
             ... on level 2 of the Dungeon.
             The game lasted 00:02:35 (1333 turns).

qeuew the Caller (Deep Elf Summoner)                Turns: 1333, Time: 00:02:36

Health: 0/15       AC:  2    Str:  5    XL:     2   Next: 82%
Magic:  7/8        EV: 13    Int: 19    God:
Gold:   21         SH:  0    Dex: 15    Spells: 4/7 levels left

rFire   . . .      SeeInvis .    f - +0 short sword
rCold   . . .      Faith    .    (no shield)
rNeg    . . .      Spirit   .    a - +0 robe
rPois   .          Reflect  .    (no helmet)
rElec   .          Rampage  .    (no cloak)
rCorr   .                        (no gloves)
Will    .....                    (no boots)
Stlth   ++                       (no amulet)
HPRegen 0.22/turn                (no ring)
MPRegen 0.11/turn                (no ring)

@: lethally poisoned (0 -> -2)
A: no striking features
a: no special abilities


You were on level 2 of the Dungeon.
You visited 1 branch of the dungeon, and saw 2 of its levels.

You collected 21 gold pieces.

Inventory:

Hand Weapons
 f - a +0 short sword (weapon)
Armour
 a - a +0 robe (worn)
Scrolls
 d - 2 scrolls of identify {unknown}
 e - a scroll of blinking {unknown}
Potions
 b - a potion of magic
 c - 2 potions of degeneration {unknown}


   Skills:
 + Level 0.0 Short Blades
 - Level 0.4 Armour
 * Level 3.0 Dodging
 - Level 2.4 Stealth
 + Level 3.4 Spellcasting
 * Level 4.7 Summonings


You had 4 spell levels left.
You knew the following spells:

 Your Spells              Type           Power      Damage    Failure   Level
a - Summon Small Mammal   Summ           84%        N/A       1%          1
b - Call Imp              Summ           21%        N/A       3%          2

Your spell library contained the following spells:

 Spells                   Type           Power      Damage    Failure   Level
 Call Canine Familiar     Summ           21%        N/A       6%          3
 Summon Guardian Golem    Hex/Summ       12%        N/A       16%         3
 Summon Lightning Spire   Summ/Air       12%        N/A       47%         4


Dungeon Overview and Level Annotations

Branches:
Dungeon (2/15)

Altars:


Message History

The kobold is severely wounded.
The kobold closely misses you.
You hit the kobold but do no damage.
The kobold is severely wounded.
The kobold barely misses you.
You closely miss the kobold. You punch the kobold.
You kill the kobold!
No target in view!
You see here a +0 dagger.
Found a spear.
You see here a +0 spear.
You now have 21 gold pieces (gained 16).
You see here a +0 spear.
An adder comes into view.
You see here a coppery potion.
The helpless adder fails to defend itself.
You hit the adder.
The adder is severely wounded.
The adder bites you.
You closely miss the adder.
The adder is severely wounded.
The adder bites you but does no damage. The adder bites you.
You completely miss the adder.
The adder is severely wounded.
The adder bites you.
You are poisoned.
The adder poisons you!
You closely miss the adder.
The adder is severely wounded.
You feel sick. The adder bites you.
You are too injured to fight recklessly!
You are too injured to fight recklessly!
Okay, then.
Casting: Summon Small Mammal (safe; 1% risk of failure)
Press: ? - help, Q - select action, (/) - cycle Dir - look around, f - activate You feel sick.
The adder bites you.
* * * LOW HITPOINT WARNING * * *
The adder closely misses you. The adder attacks as you move away!
The adder barely misses you.
You die...

#.# #.# #>#
#########
##.####..)....#
##........####.#
##.........####.####
#))..#####.#.S......
##.<.# #.#.# .##
##..# #r@.# .# ##.#
#......# #.#
#.###### #.. ..# ###
####


You could see an adder (ally target) and a friendly quokka (summoned).

Vanquished Creatures
  An endoplasm (D:1)
  A goblin (D:1)
  A ball python (D:1)
  A bat (D:1)
  A kobold (D:2)
  A rat (D:1)
6 creatures vanquished.

Vanquished Creatures (collateral kills)
  A dart slug (D:1)
  2 bats (D:1)
  5 endoplasms (D:1)
  2 giant cockroaches (D:1)
  A hobgoblin (D:1)
  2 ball pythons (D:1)
  A kobold (D:1)
  2 rats (D:1)
16 creatures vanquished.

Grand Total: 22 creatures vanquished

Notes
Turn   | Place    | Note
-------+----------+-------------------------------------------
     0 | D:1      | qeuew the Deep Elf Summoner began the quest for the Orb.
     0 | D:1      | Reached XP level 1. HP: 10/10 MP: 6/6
   253 | D:1      | Reached XP level 2. HP: 12/15 MP: 4/8
  1269 | D:1      | Learned a level 2 spell: Call Imp
  1333 | D:2      | Succumbed to an adder's poison

Illustrated notes

Levels and vault maps discovered:
D:1:      dpeg_arrival_shelter, layout_basic
D:2:      layout_loops_cross

Skill      XL: |  1  2 |
---------------+-------+-----
Dodging        | 3 |  3.0
Armour         | |  0.4
Stealth        | |  2.4
Spellcasting   | |  3.4
Summonings     | |  4.7

Action                     || total
---------------------------++-------
  Melee: Unarmed           ||    62
         Short sword       ||     8
         Punch             ||     1
   Cast: Summon Small Mamm ||    32
   Stab: Sleeping          ||     4
 Armour: Robe              ||    26
  Dodge: Dodged            ||    67

Table legend: (Time is in decaauts)
 A = Elapsed time spent in this place.
 B = Non-inter-level travel time spent in this place.
 C = Inter-level travel time spent in this place.
 D = Time resting spent in this place.
 E = Time spent auto-exploring this place.
 F = Levels seen in this place.
 G = Mean time per level.
                   A        B        C        D        E       F      G
               +--------+--------+--------+--------+--------+-----+--------+
         Total |   1332 |   1243 |     89 |      0 |   1018 |   2 |  666.0 |
       Dungeon |   1332 |   1243 |     89 |      0 |   1018 |   2 |  666.0 |
               +--------+--------+--------+--------+--------+-----+--------+

Top non-repeatable levels by time:
     D:1: 1296 daAuts
     D:2: 35 daAuts
